 Dungeon Crawl Stone Soup version 0.26.1-12-g5ba1501909 (webtiles) character file.

Game seed: 6751975777162704980

112 Zeld the Sneak (level 4, -1/26 (30) HPs)
             Began as an Octopode Brigand on Oct 28, 2021.
             Slain by an orc
             ... wielding a +0 flail
              (3 damage)
             ... on level 5 of the Dungeon.
             The game lasted 00:02:07 (2306 turns).

Zeld the Sneak (Octopode Brigand)                   Turns: 2306, Time: 00:02:08

HP:   -1/26 (30)    AC:  1    Str: 10    XL:     4   Next: 93%
MP:   4/4           EV: 13    Int: 13    God:
Gold: 175           SH:  0    Dex: 14    Spells: 3/3 levels left

rFire    . . .     SeeInvis .   a - +2 short sword (venom)
rCold    . . .     Faith    .   (no shield)
rNeg     . . .     Spirit   .   (helmet restricted)
rPois    .         Reflect  .   (no amulet)
rElec    .         Harm     .   (no ring)
rCorr    .         Rampage  .   (no ring)
Will     .....                  (no ring)
Stlth    ++++......             (no ring)
HPRegen  0.08/turn              (no ring)
MPRegen  0.09/turn              (no ring)
                                (no ring)
                                (no ring)

@: heavily drained
A: almost no armour, stealthy swim, amphibious, 8 rings, constrict 8, camouflage
1, gelatinous body 1
a: no special abilities


You were on level 5 of the Dungeon.
You visited 1 branch of the dungeon, and saw 4 of its levels.

You collected 175 gold pieces.

Inventory:

Hand Weapons
 a - a +2 short sword of venom (weapon)
 b - a +2 dagger
Missiles
 c - 2 curare-tipped darts
 e - a throwing net
 m - 5 datura-tipped darts
 s - 8 poisoned darts (quivered)
Jewellery
 d - an uncursed ring of stealth {unknown}
 g - an uncursed ring of protection from fire {unknown}
 h - an uncursed ring of poison resistance {unknown}
 q - an uncursed ring of fire {unknown}
Scrolls
 f - a scroll of fog {unknown}
 j - 2 scrolls of amnesia {unknown}
 k - 3 scrolls of magic mapping {unknown}
 l - a scroll of enchant weapon {unknown}
 n - 2 scrolls of noise {unknown}
 r - 3 scrolls of blinking {unknown}
Potions
 i - a potion of attraction {unknown}
 o - a potion of might {unknown}
 p - a potion of flight {unknown}


   Skills:
 * Level 2.8 Fighting
 * Level 3.1 Short Blades
 * Level 2.9 Throwing
 + Level 1.7 Dodging
 + Level 5.8 Stealth


You had 3 spell levels left.
You didn't know any spells.
Your spell library was empty.

Dungeon Overview and Level Annotations

Branches:
Dungeon (3/15)

Altars:
Uskayaw

Annotations:
D:5 1 runed translucent door, Crazy Yiuf


Innate Abilities, Weirdness & Mutations

You cannot wear most types of armour.
You are very stealthy in the water. (Stealth+)
You are amphibious.
You can wear up to eight rings at the same time.
You can use your tentacles to constrict eight enemies at once.
Your skin changes colour to match your surroundings (Stealth+).
Your rubbery body absorbs attacks. (AC +1, EV +1)


Message History

Unknown command.
You release your grip on the orc priest.
You closely miss the orc wizard. You grab the orc wizard.
The orc wizard is severely wounded.
You constrict the orc wizard.
The orc wizard hits you with a +0 dagger of draining.
* * * LOW HITPOINT WARNING * * *
You feel drained.
* * * LOW HITPOINT WARNING * * *
The orc wizard begins to cast a cantrip, but forgets the words!
You completely miss the orc wizard.
You squeeze the orc wizard, but do no damage.
The orc wizard is severely wounded.
You constrict the orc wizard. The orc barely misses you.
The orc wizard hits you with a +0 dagger of draining.
* * * LOW HITPOINT WARNING * * *
You feel drained.
* * * LOW HITPOINT WARNING * * *
The orc hits you with a +0 flail.
You die...

# ..######
##......... .
###..#......# ..
... ......
...##.##...[
#........# ###
###.......###..#
..........oo...#
..........o@..##
..........o..##
.........#...##
.(..#..(......#
....####....###
... ##..## .#
#....# #...##
##.##


You could see an orc priest, an orc wizard (fast, poisoned) and 2 orcs.

Vanquished Creatures
  An orc priest (D:5)
  3 adders
  2 worms
  A leopard gecko (D:1)
  2 orcs (D:3)
  A ball python (D:1)
  6 bats
  2 giant cockroaches
  3 goblins
  6 hobgoblins
  5 kobolds
  3 quokkas
  6 frilled lizards
  8 rats
49 creatures vanquished.

Vanquished Creatures (others)
  4 toadstools (D:1)
4 creatures vanquished.

Grand Total: 53 creatures vanquished

Notes
Turn   | Place    | Note
-------+----------+-------------------------------------------
     0 | D:1      | Zeld the Octopode Brigand began the quest for the Orb.
     0 | D:1      | Reached XP level 1. HP: 14/14 MP: 1/1
   259 | D:1      | Reached XP level 2. HP: 19/19 MP: 2/2
   984 | D:2      | Reached XP level 3. HP: 25/25 MP: 3/3
  1123 | D:2      | Found a hide-covered altar of Uskayaw.
  1126 | D:2      | Noticed a +0 dagger
  1126 | D:2      | Noticed a +0 dagger
  1801 | D:3      | Reached XP level 4. HP: 30/30 MP: 4/4
  2273 | D:3      | You fall into a shaft and drop 2 floors!
  2273 | D:5      | Entered Level 5 of the Dungeon
  2279 | D:5      | Found a runed translucent door.
  2280 | D:5      | Noticed Crazy Yiuf
  2306 | D:5      | Slain by an orc

Illustrated notes

Levels and vault maps discovered:
D:1:      ldierk_walled_garden_2, layout_loops_ring, st_stairs_5,
          chequers_avenue
D:2:      layout_basic, dancing_weapons_uskayaw, small_statue_intersection
D:3:      layout_loops_ring, minitemple, hangedman_decor_peaks_small
D:5:      layout_rooms, minmay_temple_entry_slanted, basic_altar, serial_shops,
          nicolae_shop_statue_plus, kennysheep_diamond, uniq_crazy_yiuf_cottage

Skill      XL: |  1  2  3  4 |
---------------+-------------+-----
Short Blades   | 3 |  3.1
Fighting       | |  2.8
Throwing       | |  2.9
Dodging        | |  1.7
Stealth        | |  5.8

Action                   |  1- 3 |  4- 6 || total
-------------------------+-------+-------++-------
Melee: Dagger            |    66 |    22 ||    88
       Constrict         |    14 |     7 ||    21
       Tentacles         |     5 |     5 ||    10
       Short sword       |       |     9 ||     9
 Stab: Sleeping          |    11 |     6 ||    17
Armor: Skin              |     9 |     2 ||    11
Dodge: Dodged            |    47 |    17 ||    64
